 Dungeon Crawl Stone Soup version 0.21.1-1-g345015fe64 (webtiles) character file.

99769 KamiKatze the Severer (level 15, -20/141 HPs)
             Began as a Minotaur Berserker on July 22, 2018.
             Was the Champion of Trog.
             Demolished by a tyrant leech (23 damage)
             ... called by a spriggan druid
             ... on level 1 of the Swamp on July 24, 2018.
             The game lasted 02:02:57 (24829 turns).

KamiKatze the Severer (Minotaur Berserker)         Turns: 24829, Time: 02:02:58

Health: -20/141    AC: 25    Str: 29    XL:     15   Next: 78%
Magic:  14/14      EV: 15    Int:  4    God:    Trog [******]
Gold:   1443       SH:  0    Dex:  9    Spells: 14/14 levels left

rFire    + . .     SeeInvis .   a - +8 broad axe (freeze)
rCold    . . .     Gourm    .   (no shield)
rNeg     . . .     Faith    .   U - +3 chain mail {rF+}
rPois    +         Spirit   .   (helmet restricted)
rElec    .         Reflect  .   d - +2 cloak {+Inv}
rCorr    .         Harm     .   q - +0 pair of gloves
MR       +....                  J - +2 pair of boots {run}
Stlth    ..........             B - amulet of regeneration
HPRegen  0.73/turn              u - +2 ring of slaying
MPRegen  0.14/turn              V - ring of poison resistance

@: berserk cooldown, slowed, very slow
A: retaliatory headbutt, horns 2
a: Berserk, Trog's Hand, Brothers in Arms, Burn Spellbooks, Renounce Religion,
Evoke Invisibility


You were on level 1 of the Swamp.
You worshipped Trog.
Trog was exalted by your worship.
You were not hungry.

You visited 5 branches of the dungeon, and saw 25 of its levels.
You visited the Abyss 1 time.
You also visited: Labyrinth, Ice Cave and Volcano.

You collected 2511 gold pieces.
You spent 1068 gold pieces at shops.

Inventory:

Hand Weapons
 a - a +8 broad axe of freezing (weapon)
 b - a +0 broad axe of flaming
Missiles
 h - 24 tomahawks (quivered)
 t - 5 tomahawks of dispersal
 F - 7 javelins
 G - 4 throwing nets
 H - 6 tomahawks of returning
Armour
 d - a +2 cloak of invisibility (worn)
 q - a +0 pair of gloves (worn)
 J - a +2 pair of boots of running (worn)
 U - a +3 chain mail of fire resistance (worn)
Jewellery
 u - a +2 ring of slaying (left hand)
 B - an amulet of regeneration (around neck)
 D - an uncursed ring of protection from fire
 N - the ring of Ziroagaa {rPois Str+2 Int+4 Dex-4 Stlth-}
   (You found it on level 2 of the Lair of Beasts)

   [ring of loudness]

   It affects your strength (+2).
   It affects your intelligence (+4).
   It affects your dexterity (-4).
   It protects you from poison.
   It makes you less stealthy.
 V - a ring of poison resistance (right hand)
Wands
 o - a wand of acid (13)
 s - a wand of disintegration (13)
 I - a wand of polymorph (15)
 L - a wand of iceblast (44)
 P - a wand of digging (30)
 R - a wand of flame (89)
Scrolls
 e - 12 scrolls of remove curse
 g - 2 scrolls of fog
 k - a scroll of magic mapping
 m - 12 scrolls of teleportation
 y - 7 scrolls of identify
 C - 2 scrolls of blinking
 K - a scroll of fear
Potions
 i - 7 potions of might
 j - 2 potions of invisibility
 l - 4 potions of agility
 n - a potion of ambrosia
 r - 2 potions of lignification
 v - 5 potions of flight
 z - 3 potions of haste
 E - 3 potions of heal wounds
 S - 13 potions of curing
 T - 4 potions of berserk rage
Comestibles
 c - 32 rations


   Skills:
 + Level 15.1 Fighting
 * Level 20.1 Axes
 + Level 15.0 Armour
 + Level 14.0 Dodging


You had 14 spell levels left.
You didn't know any spells.

Dungeon Overview and Level Annotations

Branches:
Dungeon (15/15)            Temple (1/1) D:4            Lair (6/6) D:11
  Swamp (1/4) Lair:4        Snake (0/4) Lair:4        Slime (0/5) Lair:6
    Orc (2/2) D:9             Elf (0/3) Orc:2        Vaults (0/5) D:13
 Depths (0/5) D:15

Altars:
Ashenzari
Cheibriados
Dithmenos
Elyvilon
Fedhas
Gozag
Hepliaklqana
Kikubaaqudgha
Makhleb
Nemelex Xobeh
Okawaru
Qazlal
Ru
Sif Muna
Trog
Uskayaw
Vehumet
Wu Jian
Xom
Yredelemnul
Zin
The Shining One
Beogh
Jiyva

Shops:
D:6 [   D:10 (   D:13 =   D:15 :   Orc:2 }[(*

Annotations:
Lair:3 exclusion: oklob plant
Lair:6 1 runed door


Innate Abilities, Weirdness & Mutations

You reflexively headbutt those who attack you in melee.
You have a pair of horns on your head.


Message History

Your unstable footing causes you to fumble your attack.
You slice the swamp worm!! You freeze the swamp worm.
You kill the swamp worm!
Trog accepts your kill.
Your Dodging skill increases to level 14!
You see here a swamp worm corpse.
You feel a strong urge to attack something.
You enter the shallow water.
Moving in this stuff is going to be slow.
You are no longer berserk.
You are exhausted.
You feel yourself slow down. The tyrant leech misses you.
You furiously retaliate!
You headbutt the tyrant leech! The tyrant leech bites you!!
* * * LOW HITPOINT WARNING * * *
The tyrant leech draws strength from your injuries!
You slice the tyrant leech!! You freeze the tyrant leech!
The tyrant leech is almost dead.
The tyrant leech bites you!!
You die...

♣♣♣ ♣♣♣♣♣♣ ♣...
♣♣≈...♣♣ ≈.≈≈≈
♣.?.≈≈.♣♣ ♣.≈≈≈≈
♣≈..≈)†.♣♣.≈≈≈≈≈
♣♣♣≈.≈≈w≈≈≈≈≈≈≈≈
♣≈≈≈≈.@...♣.≈≈
♣♣≈≈≈≈♣♣♣♣≈.≈≈
♣<[).♣ ..≈
♣†.≈≈≈♣ ≈
♣...≈≈.♣
♣♣♣♣♣♣♣♣


You could see a tyrant leech.

Vanquished Creatures
  An orc warlord (Orc:1)
  Nessos (Lair:6)
  A dire elephant (Lair:6)
  Azrael (D:13)
  A red draconian (Volcano)
  2 ogre magi (D:15)
  A minotaur (Lab)
  4 hydras
  A merfolk avatar (Lair:6)
  2 centaur warriors
  2 alligators (Swamp:1)
  A tengu warrior (D:13)
  15 two-headed ogres
  4 orc high priests (Orc:2)
  Sonja (Lair:1)
  A spriggan druid (Swamp:1)
  5 wizards
  6 unseen horrors
  The ghost of KamiKatze the Cleaver, a novice MiBe of Trog (D:7)
  A harpy (Lair:6)
  Pikel (D:4)
  6 orc knights
  An oklob plant (Lair:6)
  4 ugly things
  8 orc sorcerers
  2 elephants (Lair:6)
  5 manticores
  Maurice (D:11)
  2 black mambas
  3 torpor snails (Lair:1)
  A molten gargoyle (Volcano)
  4 gargoyles
  13 spiny frogs
  4 rime drakes
  An efreet (D:15)
  3 centaur skeletons
  8 komodo dragons
  A kobold demonologist (D:11)
  3 tengu conjurers
  10 trolls
  3 polar bears (Lair:6)
  A bog body (Swamp:1)
  4 slime creatures (D:12)
  15 blink frogs
  13 dream sheep
  9 hippogriffs
  2 spriggans (Swamp:1)
  3 shadows
  3 wraiths (D:15)
  2 basilisks
  7 fire elementals (D:13)
  45 yaks
  6 hungry ghosts
  5 wyverns
  2 fire bats (Volcano)
  Grum (D:10)
  The ghost of Ablot the Vexing, an amateur GnAM (D:3)
  7 vampire mosquitoes
  Menkaure (D:5)
  3 nagas (Lair:4)
  Edmund (D:6)
  5 wargs
  2 swamp worms (Swamp:1)
  13 water moccasins
  2 soldier ants
  5 porcupines
  16 ice beasts
  Duvessa (D:4)
  2 hornet zombies
  37 orc warriors
  6 sky beasts
  2 eyes of draining
  2 phantoms
  A necrophage (D:8)
  20 ogres
  21 centaurs
  11 wolves
  17 crocodiles
  17 big kobolds
  15 bullfrogs
  A gnoll sergeant (D:12)
  Dowan (D:4)
  An earth elemental (Lab)
  A water moccasin skeleton (D:8)
  2 wyvern skeletons
  6 scorpions
  5 killer bees (D:11)
  6 wights
  6 howler monkeys
  3 electric eels
  8 crimson imps
  6 lava snakes (Volcano)
  3 centaur zombies
  2 bullfrog skeletons
  7 jellies
  3 quasits
  29 orc priests
  3 hounds
  24 orc wizards
  6 iguanas
  13 worker ants
  2 hound skeletons
  A worker ant zombie (D:10)
  Robin (D:4)
  12 adders
  6 gnolls
  2 shadow imps (D:6)
  2 adder skeletons
  2 worms
  A dart slug (D:1)
  5 leopard geckos
  105 orcs
  5 giant cockroaches
  22 goblins
  9 hobgoblins
  11 jackals
  3 quokkas
  A ball python (D:5)
  17 bats
  7 frilled lizards
  A giant cockroach zombie (D:5)
  21 kobolds
  8 rats
  6 fungi
  10 plants
858 creatures vanquished.

Vanquished Creatures (others)
  A worm (D:4)
  2 orcs
  A ball python (D:4)
  A goblin (D:4)
  A quokka (D:7)
  A frilled lizard (D:4)
  11 fungi
  8 plants (Lair:6)
26 creatures vanquished.

Grand Total: 884 creatures vanquished

Notes
Turn   | Place    | Note
-------+----------+-------------------------------------------
     0 | D:1      | KamiKatze the Minotaur Berserker began the quest for the Orb.
     0 | D:1      | Reached XP level 1. HP: 19/19 MP: 0/0
   139 | D:1      | Reached XP level 2. HP: 21/27 MP: 1/1
   141 | D:1      | Reached skill level 4 in Axes
   392 | D:1      | Reached ** piety under Trog
   458 | D:1      | Reached XP level 3. HP: 32/33 MP: 2/2
   810 | D:2      | Reached XP level 4. HP: 16/40 MP: 3/3
  1049 | D:2      | Reached skill level 5 in Axes
  1206 | D:2      | Found a basalt altar of Yredelemnul.
  1215 | D:2      | Found a shadowy altar of Dithmenos.
  1290 | D:3      | Reached *** piety under Trog
  1290 | D:3      | Reached XP level 5. HP: 44/47 MP: 4/4
  2048 | D:3      | Noticed Ablot's ghost (amateur GnAM)
  2070 | D:3      | Killed Ablot's ghost
  2070 | D:3      | Reached skill level 5 in Fighting
  2070 | D:3      | Reached skill level 6 in Axes
  2070 | D:3      | Reached XP level 6. HP: 56/56 MP: 5/5
  2102 | D:4      | Noticed Pikel
  2102 | D:4      | Noticed a slave
  2102 | D:4      | Noticed a slave
  2102 | D:4      | Noticed a slave
  2102 | D:4      | Noticed a slave
  2106 | D:4      | Killed Pikel
  2106 | D:4      | Reached skill level 7 in Axes
  2106 | D:4      | Reached skill level 5 in Armour
  2106 | D:4      | Reached XP level 7. HP: 47/62 MP: 6/6
  2162 | D:4      | Noticed Robin
  2172 | D:4      | Killed Robin
  2174 | D:4      | Got a vibrating zirconium amulet
  2268 | D:4      | Identified the amulet of Exte {Inacc Dex+2} (You found it on level 4 of the Dungeon)
  2342 | D:4      | Noticed Duvessa
  2343 | D:4      | Noticed Dowan
  2345 | D:4      | Found a staircase to the Ecumenical Temple.
  2352 | D:4      | Killed Duvessa
  2361 | D:4      | Killed Dowan
  2361 | D:4      | Reached skill level 8 in Axes
  2361 | D:4      | Reached skill level 5 in Dodging
  2361 | D:4      | Reached XP level 8. HP: 70/70 MP: 7/7
  2381 | Temple   | Entered the Ecumenical Temple
  2965 | D:5      | Entered Level 5 of the Dungeon
  2970 | D:5      | Noticed Menkaure
  2987 | D:5      | Killed Menkaure
  3268 | D:5      | Reached **** piety under Trog
  3403 | D:5      | Reached skill level 9 in Axes
  3592 | D:5      | Found a shattered altar of Ashenzari.
  3868 | D:6      | Found a blossoming altar of Fedhas.
  4183 | D:6      | Reached XP level 9. HP: 39/79 MP: 8/8
  4198 | D:6      | Noticed Edmund
  4619 | D:5      | Reached skill level 10 in Axes
  4847 | D:6      | Received a gift from Trog
  5077 | D:6      | Killed Edmund
  5131 | D:6      | Found Gumefieb's Antique Armour Shoppe.
  5141 | D:6      | Bought a pair of embroidered boots for 180 gold pieces
  5147 | D:6      | Identified a +2 pair of boots of running (You bought it in a shop on level 6 of the Dungeon)
  5680 | D:7      | Found a radiant altar of Vehumet.
  5720 | D:7      | Found a snail-covered altar of Cheibriados.
  5722 | D:7      | Found a shimmering altar of Xom.
  5728 | D:7      | Found a shattered altar of Ashenzari.
  5807 | D:7      | Reached skill level 11 in Axes
  5820 | D:7      | Found a white marble altar of Elyvilon.
  5838 | D:7      | Noticed KamiKatze's ghost (novice MiBe)
  5893 | D:7      | Killed KamiKatze's ghost
  5893 | D:7      | Reached XP level 10. HP: 90/90 MP: 9/9
  5991 | D:7      | Found a snail-covered altar of Cheibriados.
  6397 | D:7      | You fall through a shaft!
  7064 | D:8      | Received a gift from Trog
  7114 | D:8      | Reached skill level 12 in Axes
  7489 | D:9      | Found a burning altar of Makhleb.
  7784 | D:9      | Reached ***** piety under Trog
  7847 | D:9      | Found a staircase to the Orcish Mines.
  8090 | D:9      | Noticed a two-headed ogre
  8097 | D:9      | Killed a two-headed ogre
  8247 | D:10     | Entered Level 10 of the Dungeon
  8265 | D:10     | Noticed a red ugly thing
  8397 | D:10     | Killed an unseen horror
  8585 | D:10     | Noticed Grum
  8592 | D:10     | Killed Grum
  8969 | D:10     | Noticed a two-headed ogre
  8981 | D:10     | Killed a two-headed ogre
  8981 | D:10     | Reached skill level 13 in Axes
  8981 | D:10     | Reached XP level 11. HP: 99/99 MP: 10/10
  9069 | D:10     | Found Aceczoto's Antique Weapon Shop.
  9105 | D:10     | Killed a red ugly thing
  9105 | D:10     | Reached skill level 10 in Fighting
  9198 | D:11     | Noticed a two-headed ogre
  9211 | D:11     | Killed a two-headed ogre
  9269 | D:11     | Noticed Maurice
  9278 | D:11     | Killed Maurice
  9300 | D:11     | Found a staircase to the Lair.
  9431 | D:6      | Bought a runed chain mail for 180 gold pieces
  9522 | D:10     | Received a gift from Trog
  9619 | D:11     | Noticed a seven-headed hydra
  9738 | D:11     | Reached skill level 10 in Armour
  9817 | D:11     | Killed an unseen horror
 10000 | D:11     | Killed a seven-headed hydra
 10000 | D:11     | Reached skill level 14 in Axes
 10746 | Lair:1   | Entered Level 1 of the Lair of Beasts
 11019 | Lair:1   | Reached XP level 12. HP: 96/110 MP: 11/11
 11066 | Lair:1   | Reached skill level 10 in Dodging
 11385 | Lair:1   | Reached skill level 15 in Axes
 11402 | Lair:1   | Found a snail-covered altar of Cheibriados.
 11484 | Lair:1   | Noticed Sonja
 11833 | Lair:2   | Got a sparkling platinum ring
 11836 | Lair:2   | Identified the ring of Ziroagaa {rPois Str+2 Int+4 Dex-4 Stlth-} (You found it on level 2 of the Lair of Beasts)
 12105 | Lair:2   | Received a gift from Trog
 12531 | Lair:3   | Found a blossoming altar of Fedhas.
 13245 | Lair:4   | Found a frozen archway.
 13255 | IceCv    | Entered an ice cave
 13449 | Lair:4   | Reached skill level 16 in Axes
 13495 | Lair:4   | Found a dark tunnel.
 13504 | Volcano  | Entered a volcano
 14026 | Volcano  | Found a bloodstained altar of Trog.
 14026 | Volcano  | Noticed a centaur warrior
 14031 | Volcano  | Killed a centaur warrior
 14041 | Volcano  | Noticed a red draconian
 14047 | Volcano  | Killed a red draconian
 14047 | Volcano  | Reached XP level 13. HP: 96/118 MP: 12/12
 14384 | Lair:4   | Found a staircase to the Swamp.
 14617 | Lair:4   | You fall through a shaft!
 14669 | Lair:4   | Found a staircase to the Snake Pit.
 15820 | Lair:6   | Entered Level 6 of the Lair of Beasts
 15859 | Lair:6   | Found a labyrinth entrance.
 15923 | Lab      | Entered a labyrinth
 16337 | Lab      | Noticed a minotaur
 16340 | Lab      | Killed a minotaur
 16437 | Lair:6   | Received a gift from Trog
 16439 | Lair:6   | Reached skill level 17 in Axes
 16549 | Lair:6   | Reached ****** piety under Trog
 17013 | Lair:6   | Noticed a dire elephant
 17039 | Lair:6   | Killed a dire elephant
 17053 | Lair:6   | Found a runed door.
 17054 | Lair:6   | Found a viscous altar of Jiyva.
 17086 | Lair:6   | Noticed an acid blob
 17087 | Lair:6   | Found a staircase to the Slime Pits.
 17089 | Lair:6   | Noticed an acid blob
 17113 | Lair:6   | Reached XP level 14. HP: 110/129 MP: 13/13
 17191 | Lair:6   | Noticed Nessos
 17198 | Lair:6   | Killed Nessos
 17423 | Lair:6   | Received a gift from Trog
 17493 | Lair:6   | Got a jacinth-encrusted scale mail
 17504 | Lair:6   | Identified the +4 scale mail "Quwkoen" {Str+4 Int+3} (You found it on level 6 of the Lair of Beasts)
 17966 | Lair:1   | Cast into level 2 of the Abyss (Sonja)
 18004 | Lair:1   | Escaped the Abyss
 18811 | Orc:1    | Entered Level 1 of the Orcish Mines
 19109 | Orc:1    | Reached skill level 18 in Axes
 19127 | Orc:1    | Noticed an orc warlord
 19184 | Orc:1    | Killed an orc warlord
 19333 | Orc:1    | Found a roughly hewn altar of Beogh.
 19433 | Orc:1    | Found a bloodstained altar of Trog.
 19662 | Orc:2    | Entered Level 2 of the Orcish Mines
 19745 | Orc:2    | Found an iron altar of Okawaru.
 19980 | Orc:2    | Found a staircase to the Elven Halls.
 20068 | Orc:2    | Received a gift from Trog
 20906 | Orc:2    | Found Kiedgh's Weapon Boutique.
 20906 | Orc:2    | Found Ishinach's Assorted Antiques.
 20908 | Orc:2    | Found Xiwniddau's Antique Armour Emporium.
 20908 | Orc:2    | Found Laekhlugg's Gadget Boutique.
 20914 | Orc:2    | Bought a scroll of teleportation for 84 gold pieces
 20914 | Orc:2    | Bought an opal ring for 140 gold pieces
 20914 | Orc:2    | Bought a scroll labeled ATIREL QOAN for 28 gold pieces
 20930 | Orc:2    | Bought a runed cloak for 285 gold pieces
 20947 | Orc:2    | Bought a pair of gloves for 171 gold pieces
 21157 | Lair:1   | Killed Sonja
 22012 | D:12     | Received a gift from Trog
 22243 | D:13     | Noticed Azrael
 22265 | D:13     | Killed Azrael
 22265 | D:13     | Reached skill level 19 in Axes
 22328 | D:13     | Found a gate to the Vaults.
 22342 | D:13     | Received a gift from Trog
 22348 | D:13     | Reached XP level 15. HP: 54/139 MP: 14/14
 22509 | D:13     | Received a gift from Trog
 22549 | D:13     | Found Poudecal's Jewellery Boutique.
 22553 | D:13     | Got a translucent hunting sling
 22554 | D:13     | Identified the +10 hunting sling of Past Mistakes {venom, +Blink rF+} (You found it on level 13 of the Dungeon)
 22827 | D:13     | Found a roughly hewn altar of Beogh.
 23533 | D:14     | Received a gift from Trog
 23608 | D:15     | Entered Level 15 of the Dungeon
 23608 | D:15     | Found Qurhyu Ugee's Book Shoppe.
 24182 | D:15     | Found a staircase to the Depths.
 24186 | D:15     | Reached skill level 15 in Fighting
 24193 | D:15     | Reached skill level 20 in Axes
 24722 | Swamp:1  | Entered Level 1 of the Swamp
 24805 | Swamp:1  | Received a gift from Trog
 24805 | Swamp:1  | Reached skill level 15 in Armour
 24828 | Swamp:1  | HP: 2/141 [tyrant leech[a spriggan druid] (26)]
 24829 | Swamp:1  | Demolished by a tyrant leech

Skill      XL: |  1  2  3  4  5  6  7  8  9 10 11 12 13 14 15 |
---------------+----------------------------------------------+-----
Axes           | 4 5 6 7 8 9 11 13 14 16 17 19 20 | 20.1
Fighting       | 4 5 6 7 8 9 11 12 13 14 15 | 15.1
Armour         | 3 4 5 6 8 9 10 12 13 14 15 | 15.0
Dodging        | 3 4 5 6 7 8 9 11 12 13 14 | 14.0

Action                   |  1- 3 |  4- 6 |  7- 9 | 10-12 | 13-15 || total
-------------------------+-------+-------+-------+-------+-------++-------
Melee: Hand axe          |    82 |    80 |   238 |       |       ||   400
       Headbutt          |     9 |    13 |    67 |   124 |   182 ||   395
       War axe           |       |       |    59 |   546 |       ||   605
       Morningstar       |       |       |       |     3 |       ||     3
       Broad axe         |       |       |       |   113 |   913 ||  1026
 Fire: Blowgun           |       |       |       |       |     2 ||     2
Throw: Throwing net      |       |     1 |     1 |       |     4 ||     6
       Stone             |       |     1 |       |       |       ||     1
       Tomahawk          |       |       |     2 |    15 |     4 ||    21
Invok: Trog's Hand       |       |     1 |     5 |     2 |     7 ||    15
       Berserk           |       |     1 |     3 |     4 |     4 ||    12
       Burn Spellbooks   |       |       |     1 |     2 |     4 ||     7
Evoke: Wand              |       |       |       |     5 |     5 ||    10
  Use: Scroll            |       |     6 |     2 |    15 |    10 ||    33
       Potion            |       |     1 |     1 |       |     1 ||     3
  Eat: Chunk             |       |     4 |    13 |    23 |    25 ||    65
       Ration            |       |       |     1 |     2 |     6 ||     9
Armor: Animal skin       |    14 |     8 |       |       |       ||    22
       Leather armour    |       |     9 |     5 |       |       ||    14
       Scale mail        |       |       |     3 |       |       ||     3
       Chain mail        |       |       |    86 |   282 |   345 ||   713
Dodge: Dodged            |    54 |    49 |   131 |   285 |   456 ||   975
